 Dungeon Crawl Stone Soup version 0.31-a0-836-g3ceb0a68c4 (webtiles) character file.

Game seed: 3783919618219771809

93 Kurtz the Chopper (level 4, 0/31 HPs)
             Began as an Octopode Fighter on Sept 27, 2023.
             Slain by a hobgoblin (4 damage)
             ... on level 2 of the Dungeon.
             The game lasted 00:00:34 (1149 turns).

Kurtz the Chopper (Octopode Fighter)                Turns: 1149, Time: 00:00:34

Health: 0/31       AC:  1    Str: 17    XL:     4   Next: 62%
Magic:  4/4        EV: 13    Int: 10    God:
Gold:   86         SH:  4    Dex: 11    Spells: 3/3 levels left

rFire   . . .        a - +0 war axe
rCold   . . .        b - +0 buckler
rNeg    . . .        (helmet restricted)
rPois   .            (no amulet)
rElec   .            (no ring)
rCorr   .            (no ring)
SInv    .            (no ring)
Will    .....        (no ring)
Stlth   ++           (no ring)
HPRegen 0.25/turn    (no ring)
MPRegen 0.09/turn    (no ring)
                     (no ring)

%: no passive effects
@: lethally poisoned (0 -> -5), hasted, very quick
A: almost no armour, amphibious, 8 rings, camouflage 1, gelatinous body 1,
(nimble swimmer 1), tentacles
a: no special abilities


You were on level 2 of the Dungeon.
You visited 1 branch of the dungeon, and saw 2 of its levels.

You collected 86 gold pieces.

Inventory:

Hand Weapons
 a - a +0 war axe (weapon)
Armour
 b - a +0 buckler (worn)
Jewellery
 e - a +6 ring of intelligence
Scrolls
 f - a scroll of vulnerability {unknown}
 g - 3 scrolls of identify {unknown}
 h - 2 scrolls of revelation {unknown}
 i - 3 scrolls of enchant armour {unknown}
 j - a scroll of amnesia {unknown}
 k - 2 scrolls of teleportation {unknown}
 l - a scroll of immolation {unknown}
Potions
 c - 2 potions of might


   Skills:
 - Level 3.0 Fighting
 * Level 4.7 Axes
 - Level 3.0 Dodging
 - Level 3.0 Shields


You had 3 spell levels left.
You didn't know any spells.
Your spell library was empty.

Dungeon Overview and Level Annotations

Branches:
Dungeon (2/15)

Altars:


Innate Abilities, Weirdness & Mutations

You cannot wear most types of armour.
You are amphibious.
You can wear up to eight rings at the same time.
Your skin changes colour to match your surroundings (Stealth+).
Your rubbery body absorbs attacks. (AC +1, EV +1)
((You are camouflaged when in or above water. (Stealth+)))
You have tentacles for arms and can constrict up to eight enemies at once.


Message History

The scorpion closely misses you.
There are monsters nearby!
You barely miss the scorpion. Your grab misses the scorpion.
The scorpion completely misses you. The scorpion stings you.
You are poisoned.
The scorpion poisons you!
There are monsters nearby!
You barely miss the scorpion. Your grab misses the scorpion.
You feel very sick. The scorpion stings you.
You closely miss the scorpion. You grab the scorpion.
You constrict the scorpion, but do no damage.
You feel sick. The scorpion barely misses you.
The scorpion completely misses you. The adder completely misses you.
There are monsters nearby!
You slash the scorpion!
You squeeze the scorpion, but do no damage.
The scorpion is heavily wounded.
You closely miss the adder. You constrict the scorpion.
You feel sick. You block the adder's attack. The scorpion stings you.
The adder bites you.
You are more poisoned.
The adder poisons you! The scorpion stings you.
It was a potion of haste.
You feel yourself speed up.
You constrict the scorpion.
* * * LOW HITPOINT WARNING * * *
You feel very sick. The adder misses you. The scorpion misses you.
Unknown command.
You closely miss the adder. Your grab misses the adder.
Your squeeze misses the adder. You hit the scorpion.
You kill the scorpion!
* * * LOW HITPOINT WARNING * * *
You feel sick. The adder barely misses you.
Your Axes skill increases to level 4!
You have reached level 4!
You closely miss the hobgoblin. Your grab misses the hobgoblin.
You hit the adder.
You feel sick. The adder bites you.
* * * LOW HITPOINT WARNING * * *
The hobgoblin hits you.
You die...

########## #.......
##...##...## .......
##..........# ##.....##
#............ #.......#
#............ .#.......#
#............ .........
##..........# .
......gS## ##...#....##
.. #.#...@.# ###.#.####
...##.#####.# ###.#.#
......##.(..# #...#.#
... #.....### #.###.#
....##..#...### #.#
#.### #......###...# #.#
#...#
##.#...###...###.#####.#
#...#..##...#....# #.###
...#..........#....#
##....


You could see an adder and a hobgoblin.

Vanquished Creatures
  A scorpion (D:2)
  An adder (D:2)
  2 bats
  4 endoplasms (D:1)
  3 goblins (D:1)
  3 hobgoblins (D:1)
  2 quokkas
  3 ball pythons
  3 frilled lizards (D:1)
  4 kobolds
  A rat (D:2)
27 creatures vanquished.

Notes
Turn   | Place    | Note
-------+----------+-------------------------------------------
     0 | D:1      | Kurtz the Octopode Fighter began the quest for the Orb.
     0 | D:1      | Reached XP level 1. HP: 16/16 MP: 1/1
   122 | D:1      | Reached XP level 2. HP: 12/21 MP: 2/2
   245 | D:1      | Reached skill level 3 in Axes
   904 | D:2      | Reached XP level 3. HP: 18/26 MP: 3/3
  1140 | D:2      | Noticed a scorpion
  1148 | D:2      | Killed a scorpion
  1149 | D:2      | Reached skill level 4 in Axes
  1149 | D:2      | Reached XP level 4. HP: 8/31 MP: 4/4
  1149 | D:2      | Slain by a hobgoblin

Illustrated notes

Levels and vault maps discovered:
D:1:      dpeg_arrival_signposts, layout_loops_cross, st_stairs_13,
          minmay_misc_feat_four_crosses
D:2:      layout_rooms

Skill      XL: |  1  2  3 |
---------------+----------+-----
Axes           | 3 4 |  4.7
Fighting       | |  3.0
Dodging        | |  3.0
Shields        | |  3.0

Action                     |  1- 3 |  4- 6 || total
---------------------------+-------+-------++-------
  Melee: War axe           |    50 |     1 ||    51
         Tentacles         |     5 |       ||     5
         Constrict         |     8 |       ||     8
    Use: Potion            |     1 |       ||     1
   Stab: Sleeping          |     6 |       ||     6
 Armour: Skin              |    21 |     2 ||    23
  Dodge: Dodged            |    24 |       ||    24
  Block: Buckler           |     7 |       ||     7

Table legend: (Time is in decaauts)
 A = Elapsed time spent in this place.
 B = Non-inter-level travel time spent in this place.
 C = Inter-level travel time spent in this place.
 D = Time resting spent in this place.
 E = Time spent auto-exploring this place.
 F = Levels seen in this place.
 G = Mean time per level.
                   A        B        C        D        E       F      G
               +--------+--------+--------+--------+--------+-----+--------+
         Total |   1166 |   1125 |     41 |      0 |    936 |   2 |  583.0 |
       Dungeon |   1166 |   1125 |     41 |      0 |    936 |   2 |  583.0 |
               +--------+--------+--------+--------+--------+-----+--------+

Top non-repeatable levels by time:
     D:1: 872 daAuts
     D:2: 294 daAuts
